Bruins vs Panthers

Created - October 17, 2016 at 17:54

Goals
1 2 3 T
Bruins 0 0 2 2
Panthers 0 1 0 1
Shots
1 2 3 T
Bruins 12 9 14 35
Panthers 14 10 9 33

1st period

No Goal

Penalties :
Noah Hanifin (BOS) for High sticking (Minor) at 2:37, Jacob Trouba (FLA) for Hooking (Minor) at 6:41, Tomas Plekanec (BOS) for Hooking (Minor) at 12:38

2nd period

1. Panthers , Artem Anisimov 3 (Danny DeKeyser, Justin Braun) at 6:11 (PP)

Penalties :
Joakim Nordstrom (FLA) for Hooking (Minor) at 2:28, P.K. Subban (BOS) for Cross-checking (Minor) at 5:59

3rd period

2. Bruins , Tomas Plekanec 1 (Leon Draisaitl, Drew Doughty) at 0:39
3. Bruins , Melker Karlsson 1 (Carl Soderberg, P.K. Subban) at 19:26

Penalties :
Justin Braun (FLA) for Delaying the game (Minor) at 12:48

Goalie Stats

Carey Price (BOS), 32 saves from 33 shots - (0.970), W, 3-0-0, 60:00 minutes
Marc-Andre Fleury (FLA), 33 saves from 35 shots - (0.943), L, 2-1-0, 59:43 minutes

Players Stats for Bruins

Player Name              G  A  P  +/- PIM S  H  SB GA TA FO     MP     PP MP  PK MP  
------------------------------------------------------------------------------------
Andrew Ladd              0  0  0   0  0   3  3  1  0  0  1/4    21:01   2:43   0:53 
Brandon Pirri            0  0  0   0  0   3  0  0  0  0  1/1     5:25   0:00   0:14 
Brendan Gallagher        0  0  0   1  0   4  0  0  0  0  1/1    19:25   3:14   0:00 
Carl Soderberg           0  1  1   1  0   4  0  1  0  0  8/14   11:57   0:00   0:51 
Corey Perry              0  0  0   0  0   3  2  0  0  0  2/7    23:11   2:43   3:03 
David Warsofsky          0  0  0   0  0   0  0  0  0  0  0/0    13:02   0:00   0:00 
Drew Doughty             0  1  1   1  0   3  0  1  0  0  0/0    25:11   3:02   2:10 
Jake Muzzin              0  0  0   1  0   0  2  0  0  0  0/0    25:02   2:53   2:10 
Lauri Korpikoski         0  0  0   1  0   0  1  0  0  0  1/1    11:06   0:00   0:00 
Leon Draisaitl           0  1  1   1  0   3  0  0  0  0  1/2    21:16   3:14   1:51 
Melker Karlsson          1  0  1   1  0   2  0  0  0  0  0/0    11:06   0:00   0:00 
Noah Hanifin             0  0  0   0  2   0  2  0  0  0  0/0    13:10   0:09   0:00 
P.K. Subban              0  1  1   1  2   2  3  1  0  0  0/0    21:46   2:55   2:00 
Patrice Bergeron         0  0  0   0  0   5  1  0  0  0  15/27  20:08   2:43   0:00 
Ryan Spooner             0  0  0   0  0   1  0  0  0  0  4/9     5:11   0:00   0:00 
Seth Griffith            0  0  0   0  0   0  1  0  0  0  0/0     5:11   0:00   0:00 
Tomas Plekanec           1  0  1   1  2   1  2  0  0  0  19/26  20:52   3:14   1:28 
Torey Krug               0  0  0   1  0   1  0  0  0  0  0/0    21:47   2:55   2:00 

Players Stats for Panthers

Player Name              G  A  P  +/- PIM S  H  SB GA TA FO     MP     PP MP  PK MP  
------------------------------------------------------------------------------------
Alexey Marchenko         0  0  0   0  0   0  0  5  0  0  0/0    15:36   0:00   1:33 
Artem Anisimov           1  0  1  -1  0   4  0  0  0  0  14/27  22:37   2:30   2:55 
Danny DeKeyser           0  1  1  -2  0   1  1  0  0  0  0/0    22:50   2:30   3:26 
Hunter Shinkaruk         0  0  0  -1  0   1  0  0  0  0  0/1     6:21   0:00   0:00 
Jacob Trouba             0  0  0   0  2   0  4  0  0  0  0/0    22:34   1:40   1:59 
Joakim Nordstrom         0  0  0   0  2   0  0  0  0  0  0/1    11:52   0:00   1:52 
Joe Thornton             0  0  0   0  0   1  0  0  0  0  10/22  17:38   1:40   0:12 
Jori Lehtera             0  0  0   0  0   1  0  0  0  0  6/21   12:51   0:00   2:50 
Justin Braun             0  1  1  -2  2   3  3  4  0  0  0/0    22:41   2:30   1:59 
Nikolaj Ehlers           0  0  0  -1  0   0  0  0  0  0  1/1    19:42   2:30   0:00 
Ondrej Palat             0  0  0  -1  0   6  5  0  0  0  0/2    20:15   2:30   0:00 
Pavel Datsyuk            0  0  0   0  0   2  1  0  0  0  2/3    18:45   1:40   0:46 
Pierre-Edouard Bellemare 0  0  0  -1  0   1  1  0  0  0  5/9     9:40   0:00   3:19 
Riley Nash               0  0  0  -1  0   0  0  0  0  0  0/1     6:21   0:00   0:00 
T.J. Brodie              0  0  0   0  0   1  0  3  0  0  0/0    24:06   1:40   2:57 
Tomas Hertl              0  0  0   0  0   5  3  0  0  0  0/0    10:01   0:00   0:00 
Trevor van Riemsdyk      0  0  0   0  0   1  1  0  0  0  0/0    12:11   0:00   0:00 
Vladimir Tarasenko       0  0  0   0  0   6  2  0  0  0  1/4    17:59   1:40   0:00 

3 Stars

1 - Carey Price (BOS)
2 - Marc-Andre Fleury (FLA)
3 - Melker Karlsson (BOS)

Power Play

Bruins - 0 on 3 Attempt(s) - 0.00%
Panthers - 1 on 3 Attempt(s) - 33.33%

Penalty Kill

Bruins - 2 on 3 Attempt(s) - 66.67% - Score 0 goal in Penalty Kill
Panthers - 3 on 3 Attempt(s) - 100.00% - Score 0 goal in Penalty Kill

Team Stat

Bruins - Hits : 17 - Faceoff Wins : 53 - Blocked Shots : 4 - Penalty Minutes : 6
Panthers - Hits : 21 - Faceoff Wins : 39 - Blocked Shots : 12 - Penalty Minutes : 6

Official

Referees : Rob Martell and Justin StPierre
Linesman : Mark Shewchyk and Steve Barton

Game Notes

No Game Note

Finance

Level 1 -- Attendance: 6000 (100.00%) -- Ticket Income $648,000
Level 2 -- Attendance: 4797 (95.94%) -- Ticket Income $374,166
Level 3 -- Attendance: 3105 (88.71%) -- Ticket Income $155,250
Level 4 -- Attendance: 2647 (70.59%) -- Ticket Income $66,175
Luxury Box -- Attendance: 908 (90.80%) -- Ticket Income $186,140
Game was played at the BBT Center.
Total Attendance: 17457 (90.69%)
Total Ticket Income: $1,429,731
Other Income: $214,460
Total Income: $1,644,191

% Time on Ice - Bruins

Lines # - Real PCT - Wanted PCT - Time Play
Normal Forward
1 - 34% - 40% - 16:52
2 - 33% - 30% - 16:11
3 - 23% - 20% - 11:06
4 - 11% - 10% - 5:11
Normal Defense
1 - 36% - 40% - 17:33
2 - 34% - 30% - 16:52
3 - 26% - 20% - 13:02
4 - 4% - 10% - 1:53
PP Forward
1 - 46% - 60% - 2:43
2 - 54% - 40% - 3:14
PP Defense
1 - 51% - 60% - 3:02
2 - 49% - 40% - 2:55
PK Forward
1 - 79% - 60% - 3:17
2 - 21% - 40% - 0:53
PK Defense
1 - 52% - 60% - 2:10
2 - 48% - 40% - 2:00
PK3 Forward
1 - 0% - 60%
2 - 0% - 40%
PK3 Defense
1 - 0% - 60%
2 - 0% - 40%
44 Forward
1 - 0% - 60%
2 - 0% - 40%
44 Defense
1 - 0% - 60%
2 - 0% - 40%
Last Minute Offensive  - 0:00
Last Minute Defensive  - 0:33
Total
Forward - 60:00
Defense - 60:00

% Time on Ice - Panthers

Lines # - Real PCT - Wanted PCT - Time Play
Normal Forward
1 - 35% - 40% - 17:12
2 - 32% - 30% - 15:46
3 - 20% - 20% - 10:01
4 - 13% - 10% - 6:21
Normal Defense
1 - 38% - 40% - 18:56
2 - 34% - 35% - 16:54
3 - 25% - 20% - 12:11
4 - 3% - 5% - 1:19
PP Forward
1 - 60% - 60% - 2:30
2 - 40% - 40% - 1:40
PP Defense
1 - 40% - 60% - 1:40
2 - 60% - 40% - 2:30
PK Forward
1 - 51% - 50% - 3:02
2 - 49% - 50% - 2:55
PK Defense
1 - 58% - 60% - 3:28
2 - 42% - 40% - 2:29
PK3 Forward
1 - 0% - 60%
2 - 0% - 40%
PK3 Defense
1 - 0% - 60%
2 - 0% - 40%
44 Forward
1 - 0% - 60%
2 - 0% - 40%
44 Defense
1 - 0% - 60%
2 - 0% - 40%
Last Minute Offensive  - 0:33
Last Minute Defensive  - 0:00
Total
Forward - 60:00
Defense - 60:00

Play by Play

1st period


0:01 of 1st period - Artem Anisimov wins face-off versus Andrew Ladd in neutral zone.
0:46 of 1st period - Shot by Patrice Bergeron.
0:46 of 1st period - Stopped by Marc-Andre Fleury without a rebound.
0:47 of 1st period - Tomas Plekanec wins face-off versus Joe Thornton in Panthers zone.
1:06 of 1st period - Shot by Leon Draisaitl.
1:06 of 1st period - Deflect By Brendan Gallagher.
1:06 of 1st period - Shot Misses the Net.
1:18 of 1st period - Shot by Leon Draisaitl.
1:18 of 1st period - Shot Misses the Net.
1:25 of 1st period - Brendan Gallagher is hit by Danny DeKeyser and loses puck.
1:49 of 1st period - Shot by Carl Soderberg.
1:49 of 1st period - Stopped by Marc-Andre Fleury without a rebound.
1:50 of 1st period - Jori Lehtera wins face-off versus Ryan Spooner in Panthers zone.
2:03 of 1st period - Shot by Seth Griffith.
2:03 of 1st period - Deflect By Brandon Pirri.
2:03 of 1st period - Stopped by Marc-Andre Fleury without a rebound.
2:04 of 1st period - Pierre-Edouard Bellemare wins face-off versus Carl Soderberg in Panthers zone.
2:25 of 1st period - T.J. Brodie is hit by Noah Hanifin and loses puck.
2:37 of 1st period - Minor Penalty to Noah Hanifin for High sticking.
2:38 of 1st period - Artem Anisimov wins face-off versus Corey Perry in Bruins zone.
3:01 of 1st period - Shot by Ondrej Palat.
3:01 of 1st period - Stopped by Carey Price without a rebound.
3:02 of 1st period - Joe Thornton wins face-off versus Corey Perry in Bruins zone.
3:19 of 1st period - Icing by Joe Thornton.
3:20 of 1st period - Andrew Ladd wins face-off versus Joe Thornton in Panthers zone.
4:40 of 1st period - Shot by Ondrej Palat.
4:40 of 1st period - Stopped by Carey Price without a rebound.
4:41 of 1st period - Ryan Spooner wins face-off versus Jori Lehtera in Bruins zone.
4:50 of 1st period - Shot by Tomas Hertl.
4:50 of 1st period - Stopped by Carey Price without a rebound.
4:51 of 1st period - Carl Soderberg wins face-off versus Jori Lehtera in Bruins zone.
4:56 of 1st period - Jake Muzzin is hit by Tomas Hertl and loses puck.
6:10 of 1st period - Shot by Andrew Ladd.
6:10 of 1st period - Shot Misses the Net.
6:14 of 1st period - Shot by Andrew Ladd.
6:14 of 1st period - Shot Misses the Net.
6:28 of 1st period - Shot by Andrew Ladd.
6:28 of 1st period - Shot Misses the Net.
6:30 of 1st period - Shot by Patrice Bergeron.
6:30 of 1st period - Deflect By Corey Perry.
6:30 of 1st period - Stopped by Marc-Andre Fleury without a rebound.
6:31 of 1st period - Tomas Plekanec wins face-off versus Vladimir Tarasenko in Panthers zone.
6:41 of 1st period - Minor Penalty to Jacob Trouba for Hooking.
6:42 of 1st period - Tomas Plekanec wins face-off versus Jori Lehtera in Panthers zone.
8:23 of 1st period - Shot by P.K. Subban.
8:23 of 1st period - Shot Misses the Net.
8:41 of 1st period - Shot by Drew Doughty.
8:41 of 1st period - Stopped by Marc-Andre Fleury without a rebound.
8:42 of 1st period - Joe Thornton wins face-off versus Ryan Spooner in Panthers zone.
9:47 of 1st period - Icing by Trevor van Riemsdyk.
9:48 of 1st period - Pierre-Edouard Bellemare wins face-off versus Patrice Bergeron in Panthers zone.
9:48 of 1st period - Pierre-Edouard Bellemare is hit by Andrew Ladd.
9:54 of 1st period - Riley Nash is hit by Andrew Ladd and loses puck.
10:05 of 1st period - Shot by Pierre-Edouard Bellemare.
10:05 of 1st period - Stopped by Carey Price without a rebound.
10:06 of 1st period - Nikolaj Ehlers wins face-off versus Tomas Plekanec in Bruins zone.
10:29 of 1st period - Shot by Ondrej Palat.
10:29 of 1st period - Stopped by Carey Price with a rebound.
11:03 of 1st period - Shot by Patrice Bergeron.
11:03 of 1st period - Shot Misses the Net.
11:05 of 1st period - Shot by Corey Perry.
11:05 of 1st period - Stopped by Marc-Andre Fleury with a rebound.
11:07 of 1st period - Shot by Andrew Ladd.
11:07 of 1st period - Shot Misses the Net.
11:09 of 1st period - Shot by Andrew Ladd.
11:09 of 1st period - Stopped by Marc-Andre Fleury without a rebound.
11:10 of 1st period - Carl Soderberg wins face-off versus Joe Thornton in Panthers zone.
12:13 of 1st period - Trevor van Riemsdyk is hit by Lauri Korpikoski and loses puck.
12:36 of 1st period - Shot by Patrice Bergeron.
12:36 of 1st period - Stopped by Marc-Andre Fleury without a rebound.
12:37 of 1st period - Pierre-Edouard Bellemare wins face-off versus Leon Draisaitl in Panthers zone.
12:37 of 1st period - Pierre-Edouard Bellemare is hit by Tomas Plekanec.
12:38 of 1st period - Minor Penalty to Tomas Plekanec for Hooking.
12:39 of 1st period - Corey Perry wins face-off versus Artem Anisimov in Bruins zone.
13:10 of 1st period - Shot by Danny DeKeyser.
13:10 of 1st period - Shot Misses the Net.
13:18 of 1st period - Shot by Justin Braun.
13:18 of 1st period - Stopped by Carey Price with a rebound.
13:20 of 1st period - Shot by Artem Anisimov.
13:20 of 1st period - Shot Misses the Net.
13:22 of 1st period - Shot by Justin Braun.
13:22 of 1st period - Stopped by Carey Price without a rebound.
13:23 of 1st period - Pavel Datsyuk wins face-off versus Corey Perry in Bruins zone.
13:24 of 1st period - Shot by Joe Thornton.
13:24 of 1st period - Deflect By Vladimir Tarasenko.
13:24 of 1st period - Stopped by Carey Price without a rebound.
13:25 of 1st period - Joe Thornton wins face-off versus Corey Perry in Bruins zone.
13:48 of 1st period - Drew Doughty is hit by Pavel Datsyuk and loses puck.
14:01 of 1st period - Shot by Vladimir Tarasenko.
14:01 of 1st period - Stopped by Carey Price without a rebound.
14:02 of 1st period - Artem Anisimov wins face-off versus Andrew Ladd in Bruins zone.
14:18 of 1st period - Artem Anisimov is hit by P.K. Subban and loses puck.
14:40 of 1st period - Artem Anisimov is hit by Noah Hanifin and loses puck.
14:57 of 1st period - Shot by Jori Lehtera.
14:57 of 1st period - Stopped by Carey Price without a rebound.
14:58 of 1st period - Brendan Gallagher wins face-off versus Joe Thornton in Bruins zone.
15:33 of 1st period - Shot by Vladimir Tarasenko.
15:33 of 1st period - Stopped by Carey Price without a rebound.
15:34 of 1st period - Carl Soderberg wins face-off versus Artem Anisimov in Bruins zone.
16:03 of 1st period - Icing by Carl Soderberg.
16:04 of 1st period - Carl Soderberg wins face-off versus Joakim Nordstrom in Bruins zone.
16:06 of 1st period - Icing by Drew Doughty.
16:07 of 1st period - Vladimir Tarasenko wins face-off versus Carl Soderberg in Bruins zone.
16:10 of 1st period - Shot by T.J. Brodie.
16:10 of 1st period - Stopped by Carey Price with a rebound.
17:07 of 1st period - Shot by Patrice Bergeron.
17:07 of 1st period - Stopped by Marc-Andre Fleury without a rebound.
17:08 of 1st period - Tomas Plekanec wins face-off versus Artem Anisimov in Panthers zone.
17:09 of 1st period - Shot by Brendan Gallagher.
17:09 of 1st period - Stopped by Marc-Andre Fleury without a rebound.
17:10 of 1st period - Artem Anisimov wins face-off versus Tomas Plekanec in Panthers zone.
17:39 of 1st period - Shot by Nikolaj Ehlers.
17:39 of 1st period - Shot Misses the Net.
18:15 of 1st period - Shot by Tomas Hertl.
18:15 of 1st period - Stopped by Carey Price with a rebound.
18:46 of 1st period - Icing by Jori Lehtera.
18:47 of 1st period - Patrice Bergeron wins face-off versus Jori Lehtera in Panthers zone.
18:48 of 1st period - Shot by Corey Perry.
18:48 of 1st period - Shot Blocked by Alexey Marchenko.
19:14 of 1st period - Shot by Joe Thornton.
19:14 of 1st period - Stopped by Carey Price without a rebound.
19:15 of 1st period - Artem Anisimov wins face-off versus Ryan Spooner in Bruins zone.
19:18 of 1st period - Shot by Ondrej Palat.
19:18 of 1st period - Shot Misses the Net.
19:36 of 1st period - Shot by Brandon Pirri.
19:36 of 1st period - Stopped by Marc-Andre Fleury without a rebound.
19:37 of 1st period - Patrice Bergeron wins face-off versus Joe Thornton in Panthers zone.
19:58 of 1st period - Shot by Andrew Ladd.
19:58 of 1st period - Stopped by Marc-Andre Fleury without a rebound.
19:59 of 1st period - Lauri Korpikoski wins face-off versus Ondrej Palat in Panthers zone.
19:59 of 1st period - Lauri Korpikoski is hit by Justin Braun.
Goals for this period are 0 for Bruins vs 0 for Panthers.
Shots for this period are 12 for Bruins vs 14 for Panthers.

2nd period


0:01 of 2nd period - Artem Anisimov wins face-off versus Patrice Bergeron in neutral zone.
0:10 of 2nd period - Jake Muzzin is hit by Jacob Trouba and loses puck.
0:21 of 2nd period - Icing by Ondrej Palat.
0:22 of 2nd period - Tomas Plekanec wins face-off versus Artem Anisimov in Panthers zone.
0:22 of 2nd period - P.K. Subban is hit by Jacob Trouba and loses puck.
0:39 of 2nd period - Shot by Brendan Gallagher.
0:39 of 2nd period - Stopped by Marc-Andre Fleury without a rebound.
0:40 of 2nd period - Patrice Bergeron wins face-off versus Joe Thornton in Panthers zone.
0:47 of 2nd period - Shot by Corey Perry.
0:47 of 2nd period - Shot Misses the Net.
1:14 of 2nd period - Shot by Pavel Datsyuk.
1:14 of 2nd period - Stopped by Carey Price without a rebound.
1:15 of 2nd period - Tomas Plekanec wins face-off versus Artem Anisimov in Bruins zone.
1:54 of 2nd period - Shot by Brendan Gallagher.
1:54 of 2nd period - Stopped by Marc-Andre Fleury without a rebound.
1:55 of 2nd period - Jori Lehtera wins face-off versus Patrice Bergeron in Panthers zone.
2:28 of 2nd period - Minor Penalty to Joakim Nordstrom for Hooking.
2:29 of 2nd period - Tomas Plekanec wins face-off versus Pierre-Edouard Bellemare in Panthers zone.
2:30 of 2nd period - Shot by Leon Draisaitl.
2:30 of 2nd period - Stopped by Marc-Andre Fleury with a rebound.
3:09 of 2nd period - Shot by P.K. Subban.
3:09 of 2nd period - Stopped by Marc-Andre Fleury with a rebound.
3:51 of 2nd period - Shot by Drew Doughty.
3:51 of 2nd period - Shot Blocked by Justin Braun.
3:53 of 2nd period - Shot by Jake Muzzin.
3:53 of 2nd period - Shot Blocked by Justin Braun.
3:55 of 2nd period - Shot by Drew Doughty.
3:55 of 2nd period - Stopped by Marc-Andre Fleury without a rebound.
3:56 of 2nd period - Jori Lehtera wins face-off versus Patrice Bergeron in Panthers zone.
4:11 of 2nd period - Shot by Jake Muzzin.
4:11 of 2nd period - Shot Misses the Net.
4:32 of 2nd period - Icing by Alexey Marchenko.
4:33 of 2nd period - Carl Soderberg wins face-off versus Artem Anisimov in Panthers zone.
4:34 of 2nd period - Shot by Lauri Korpikoski.
4:34 of 2nd period - Shot Blocked by Alexey Marchenko.
5:10 of 2nd period - Shot by Artem Anisimov.
5:10 of 2nd period - Stopped by Carey Price without a rebound.
5:11 of 2nd period - Tomas Plekanec wins face-off versus Joe Thornton in Bruins zone.
5:11 of 2nd period - Tomas Plekanec is hit by Vladimir Tarasenko.
5:58 of 2nd period - Joe Thornton is hit by P.K. Subban and loses puck.
5:59 of 2nd period - Minor Penalty to P.K. Subban for Cross-checking.
6:00 of 2nd period - Artem Anisimov wins face-off versus Corey Perry in Bruins zone.
6:07 of 2nd period - Shot by Danny DeKeyser.
6:07 of 2nd period - Stopped by Carey Price with a rebound.
6:09 of 2nd period - Shot by Danny DeKeyser.
6:09 of 2nd period - Shot Misses the Net.
6:11 of 2nd period - Shot by Artem Anisimov.
6:11 of 2nd period - Goal by Artem Anisimov - Bruins : 0 - Panthers : 1.
6:12 of 2nd period - Patrice Bergeron wins face-off versus Jori Lehtera in neutral zone.
6:20 of 2nd period - Tomas Hertl is hit by Jake Muzzin and loses puck.
7:18 of 2nd period - Icing by Jori Lehtera.
7:19 of 2nd period - Tomas Plekanec wins face-off versus Jori Lehtera in Panthers zone.
7:26 of 2nd period - Shot by Leon Draisaitl.
7:26 of 2nd period - Shot Misses the Net.
7:48 of 2nd period - Shot by Artem Anisimov.
7:48 of 2nd period - Shot Misses the Net.
7:50 of 2nd period - Shot by Justin Braun.
7:50 of 2nd period - Stopped by Carey Price without a rebound.
7:51 of 2nd period - Joe Thornton wins face-off versus Ryan Spooner in Bruins zone.
8:06 of 2nd period - Shot by Torey Krug.
8:06 of 2nd period - Stopped by Marc-Andre Fleury without a rebound.
8:07 of 2nd period - Artem Anisimov wins face-off versus Patrice Bergeron in Panthers zone.
8:39 of 2nd period - Off-side.
8:40 of 2nd period - Joe Thornton wins face-off versus Tomas Plekanec in neutral zone.
9:53 of 2nd period - Shot by Ondrej Palat.
9:53 of 2nd period - Stopped by Carey Price without a rebound.
9:54 of 2nd period - Pierre-Edouard Bellemare wins face-off versus Carl Soderberg in Bruins zone.
9:55 of 2nd period - Shot by Hunter Shinkaruk.
9:55 of 2nd period - Shot Misses the Net.
9:57 of 2nd period - Shot by Pierre-Edouard Bellemare.
9:57 of 2nd period - Shot Misses the Net.
11:53 of 2nd period - Icing by Danny DeKeyser.
11:54 of 2nd period - Tomas Plekanec wins face-off versus Ondrej Palat in Panthers zone.
12:09 of 2nd period - Shot by Leon Draisaitl.
12:09 of 2nd period - Stopped by Marc-Andre Fleury without a rebound.
12:10 of 2nd period - Ryan Spooner wins face-off versus Joe Thornton in Panthers zone.
12:16 of 2nd period - Icing by T.J. Brodie.
12:17 of 2nd period - Joe Thornton wins face-off versus Tomas Plekanec in Panthers zone.
12:50 of 2nd period - Jacob Trouba is hit by Tomas Plekanec and loses puck.
13:10 of 2nd period - Icing by P.K. Subban.
13:11 of 2nd period - Tomas Plekanec wins face-off versus Jori Lehtera in Bruins zone.
13:46 of 2nd period - Icing by P.K. Subban.
13:47 of 2nd period - Tomas Plekanec wins face-off versus Artem Anisimov in Bruins zone.
13:59 of 2nd period - Justin Braun is hit by Jake Muzzin.
14:01 of 2nd period - Shot by Ondrej Palat.
14:01 of 2nd period - Shot Misses the Net.
14:05 of 2nd period - Shot by Artem Anisimov.
14:05 of 2nd period - Shot Misses the Net.
14:07 of 2nd period - Shot by Artem Anisimov.
14:07 of 2nd period - Shot Blocked by Andrew Ladd.
14:09 of 2nd period - Shot by Ondrej Palat.
14:09 of 2nd period - Deflect By Artem Anisimov.
14:09 of 2nd period - Stopped by Carey Price without a rebound.
14:10 of 2nd period - Carl Soderberg wins face-off versus Joe Thornton in Bruins zone.
14:30 of 2nd period - Carl Soderberg is hit by Jacob Trouba.
14:36 of 2nd period - Shot by Carl Soderberg.
14:36 of 2nd period - Shot Blocked by T.J. Brodie.
14:38 of 2nd period - Shot by Lauri Korpikoski.
14:38 of 2nd period - Shot Blocked by T.J. Brodie.
14:42 of 2nd period - Shot by Carl Soderberg.
14:42 of 2nd period - Stopped by Marc-Andre Fleury with a rebound.
15:06 of 2nd period - Carl Soderberg is hit by Ondrej Palat and loses puck.
15:12 of 2nd period - Icing by David Warsofsky.
15:13 of 2nd period - Pierre-Edouard Bellemare wins face-off versus Carl Soderberg in Bruins zone.
15:24 of 2nd period - Shot by Hunter Shinkaruk.
15:24 of 2nd period - Deflect By Riley Nash.
15:24 of 2nd period - Shot Blocked by Carl Soderberg.
15:54 of 2nd period - Shot by Hunter Shinkaruk.
15:54 of 2nd period - Stopped by Carey Price without a rebound.
15:55 of 2nd period - Artem Anisimov wins face-off versus Patrice Bergeron in Bruins zone.
16:06 of 2nd period - Shot by Ondrej Palat.
16:06 of 2nd period - Deflect By Artem Anisimov.
16:06 of 2nd period - Stopped by Carey Price without a rebound.
16:07 of 2nd period - Tomas Plekanec wins face-off versus Jori Lehtera in Bruins zone.
16:18 of 2nd period - Shot by Tomas Hertl.
16:18 of 2nd period - Shot Blocked by P.K. Subban.
16:20 of 2nd period - Shot by T.J. Brodie.
16:20 of 2nd period - Shot Misses the Net.
16:30 of 2nd period - Shot by Joakim Nordstrom.
16:30 of 2nd period - Shot Misses the Net.
16:32 of 2nd period - Shot by Tomas Hertl.
16:32 of 2nd period - Shot Hit the Post.
16:50 of 2nd period - Tomas Plekanec is hit by Tomas Hertl and loses puck.
17:12 of 2nd period - Off-side.
17:13 of 2nd period - Patrice Bergeron wins face-off versus Joe Thornton in neutral zone.
17:27 of 2nd period - Andrew Ladd is hit by Trevor van Riemsdyk and loses puck.
17:34 of 2nd period - Shot by Andrew Ladd.
17:34 of 2nd period - Stopped by Marc-Andre Fleury without a rebound.
17:35 of 2nd period - Artem Anisimov wins face-off versus Ryan Spooner in Panthers zone.
17:52 of 2nd period - Danny DeKeyser is hit by Seth Griffith and loses puck.
18:16 of 2nd period - Brandon Pirri is hit by Justin Braun and loses puck.
18:26 of 2nd period - Danny DeKeyser is hit by Patrice Bergeron and loses puck.
19:04 of 2nd period - Icing by Noah Hanifin.
19:05 of 2nd period - Patrice Bergeron wins face-off versus Jori Lehtera in Bruins zone.
19:20 of 2nd period - Shot by Joakim Nordstrom.
19:20 of 2nd period - Shot Misses the Net.
19:22 of 2nd period - Shot by Tomas Hertl.
19:22 of 2nd period - Stopped by Carey Price without a rebound.
19:23 of 2nd period - Tomas Plekanec wins face-off versus Hunter Shinkaruk in Bruins zone.
19:57 of 2nd period - Hunter Shinkaruk is hit by P.K. Subban and loses puck.
Goals for this period are 0 for Bruins vs 1 for Panthers.
Shots for this period are 9 for Bruins vs 10 for Panthers.

3rd period


0:01 of 3rd period - Patrice Bergeron wins face-off versus Artem Anisimov in neutral zone.
0:05 of 3rd period - Drew Doughty is hit by Justin Braun and loses puck.
0:11 of 3rd period - Icing by Danny DeKeyser.
0:12 of 3rd period - Artem Anisimov wins face-off versus Tomas Plekanec in Panthers zone.
0:23 of 3rd period - Shot by Leon Draisaitl.
0:23 of 3rd period - Shot Misses the Net.
0:39 of 3rd period - Shot by Tomas Plekanec.
0:39 of 3rd period - Goal by Tomas Plekanec - Bruins : 1 - Panthers : 1.
0:40 of 3rd period - Joe Thornton wins face-off versus Patrice Bergeron in neutral zone.
0:47 of 3rd period - Shot by Vladimir Tarasenko.
0:47 of 3rd period - Stopped by Carey Price without a rebound.
0:48 of 3rd period - Joe Thornton wins face-off versus Patrice Bergeron in Bruins zone.
0:51 of 3rd period - Shot by Joe Thornton.
0:51 of 3rd period - Deflect By Vladimir Tarasenko.
0:51 of 3rd period - Stopped by Carey Price without a rebound.
0:52 of 3rd period - Patrice Bergeron wins face-off versus Artem Anisimov in Bruins zone.
0:52 of 3rd period - Drew Doughty is hit by Ondrej Palat and loses puck.
1:05 of 3rd period - Shot by Ondrej Palat.
1:05 of 3rd period - Deflect By Nikolaj Ehlers.
1:05 of 3rd period - Shot Blocked by Drew Doughty.
1:17 of 3rd period - Shot by Andrew Ladd.
1:17 of 3rd period - Shot Blocked by Justin Braun.
2:58 of 3rd period - Shot by Tomas Hertl.
2:58 of 3rd period - Stopped by Carey Price without a rebound.
2:59 of 3rd period - Carl Soderberg wins face-off versus Pierre-Edouard Bellemare in Bruins zone.
3:28 of 3rd period - Shot by Riley Nash.
3:28 of 3rd period - Shot Misses the Net.
4:10 of 3rd period - Icing by Drew Doughty.
4:11 of 3rd period - Patrice Bergeron wins face-off versus Artem Anisimov in Bruins zone.
4:32 of 3rd period - Shot by Patrice Bergeron.
4:32 of 3rd period - Deflect By Corey Perry.
4:32 of 3rd period - Shot Blocked by T.J. Brodie.
5:32 of 3rd period - Shot by Pavel Datsyuk.
5:32 of 3rd period - Deflect By Vladimir Tarasenko.
5:32 of 3rd period - Shot Hit the Post.
5:34 of 3rd period - Shot by Trevor van Riemsdyk.
5:34 of 3rd period - Stopped by Carey Price without a rebound.
5:35 of 3rd period - Brandon Pirri wins face-off versus Jori Lehtera in Bruins zone.
5:35 of 3rd period - Brandon Pirri is hit by Tomas Hertl.
7:06 of 3rd period - Icing by Alexey Marchenko.
7:07 of 3rd period - Joe Thornton wins face-off versus Patrice Bergeron in Panthers zone.
7:11 of 3rd period - Pavel Datsyuk is hit by Corey Perry and loses puck.
7:37 of 3rd period - Icing by Joe Thornton.
7:38 of 3rd period - Tomas Plekanec wins face-off versus Joe Thornton in Panthers zone.
8:02 of 3rd period - Shot by Brendan Gallagher.
8:02 of 3rd period - Shot Blocked by Alexey Marchenko.
8:04 of 3rd period - Shot by Drew Doughty.
8:04 of 3rd period - Stopped by Marc-Andre Fleury without a rebound.
8:05 of 3rd period - Corey Perry wins face-off versus Artem Anisimov in Panthers zone.
8:32 of 3rd period - Shot by Ondrej Palat.
8:32 of 3rd period - Stopped by Carey Price without a rebound.
8:33 of 3rd period - Jori Lehtera wins face-off versus Tomas Plekanec in Bruins zone.
8:44 of 3rd period - Shot by Leon Draisaitl.
8:44 of 3rd period - Shot Misses the Net.
8:46 of 3rd period - Shot by Leon Draisaitl.
8:46 of 3rd period - Stopped by Marc-Andre Fleury without a rebound.
8:47 of 3rd period - Ryan Spooner wins face-off versus Pierre-Edouard Bellemare in Panthers zone.
8:52 of 3rd period - Shot by Brandon Pirri.
8:52 of 3rd period - Deflect By Ryan Spooner.
8:52 of 3rd period - Stopped by Marc-Andre Fleury without a rebound.
8:53 of 3rd period - Artem Anisimov wins face-off versus Patrice Bergeron in Panthers zone.
9:55 of 3rd period - Brendan Gallagher is hit by Ondrej Palat.
10:12 of 3rd period - Shot by Brendan Gallagher.
10:12 of 3rd period - Stopped by Marc-Andre Fleury without a rebound.
10:13 of 3rd period - Carl Soderberg wins face-off versus Jori Lehtera in Panthers zone.
10:14 of 3rd period - Shot by Melker Karlsson.
10:14 of 3rd period - Stopped by Marc-Andre Fleury without a rebound.
10:15 of 3rd period - Jori Lehtera wins face-off versus Carl Soderberg in Panthers zone.
10:30 of 3rd period - Shot by Carl Soderberg.
10:30 of 3rd period - Shot Misses the Net.
10:35 of 3rd period - Icing by Justin Braun.
10:36 of 3rd period - Jori Lehtera wins face-off versus Patrice Bergeron in Panthers zone.
10:36 of 3rd period - Jori Lehtera is hit by Corey Perry.
11:43 of 3rd period - Icing by Alexey Marchenko.
11:44 of 3rd period - Joe Thornton wins face-off versus Carl Soderberg in Panthers zone.
11:49 of 3rd period - Shot by Pavel Datsyuk.
11:49 of 3rd period - Stopped by Carey Price without a rebound.
11:50 of 3rd period - Artem Anisimov wins face-off versus Tomas Plekanec in Bruins zone.
11:53 of 3rd period - Shot by Ondrej Palat.
11:53 of 3rd period - Stopped by Carey Price without a rebound.
11:54 of 3rd period - Tomas Plekanec wins face-off versus Artem Anisimov in Bruins zone.
11:56 of 3rd period - Icing by Leon Draisaitl.
11:57 of 3rd period - Leon Draisaitl wins face-off versus Artem Anisimov in Bruins zone.
11:57 of 3rd period - Leon Draisaitl is hit by Ondrej Palat.
12:27 of 3rd period - Shot by Artem Anisimov.
12:27 of 3rd period - Shot Misses the Net.
12:41 of 3rd period - Off-side.
12:42 of 3rd period - Patrice Bergeron wins face-off versus Joe Thornton in neutral zone.
12:48 of 3rd period - Minor Penalty to Justin Braun for Delaying the game.
12:49 of 3rd period - Patrice Bergeron wins face-off versus Jori Lehtera in Panthers zone.
12:54 of 3rd period - Shot by Corey Perry.
12:54 of 3rd period - Stopped by Marc-Andre Fleury without a rebound.
12:55 of 3rd period - Patrice Bergeron wins face-off versus Jori Lehtera in Panthers zone.
13:12 of 3rd period - Shot by Patrice Bergeron.
13:12 of 3rd period - Shot Misses the Net.
13:14 of 3rd period - Shot by Patrice Bergeron.
13:14 of 3rd period - Stopped by Marc-Andre Fleury without a rebound.
13:15 of 3rd period - Tomas Plekanec wins face-off versus Jori Lehtera in Panthers zone.
13:48 of 3rd period - Shot by P.K. Subban.
13:48 of 3rd period - Stopped by Marc-Andre Fleury with a rebound.
14:04 of 3rd period - Icing by Tomas Plekanec.
14:05 of 3rd period - Tomas Plekanec wins face-off versus Jori Lehtera in Bruins zone.
14:07 of 3rd period - Icing by Brendan Gallagher.
14:08 of 3rd period - Tomas Plekanec wins face-off versus Pierre-Edouard Bellemare in Bruins zone.
14:08 of 3rd period - Tomas Plekanec is hit by Pierre-Edouard Bellemare.
14:58 of 3rd period - Shot by Melker Karlsson.
14:58 of 3rd period - Shot Blocked by Alexey Marchenko.
15:10 of 3rd period - Shot by Melker Karlsson.
15:10 of 3rd period - Deflect By Carl Soderberg.
15:10 of 3rd period - Stopped by Marc-Andre Fleury with a rebound.
15:12 of 3rd period - Shot by Carl Soderberg.
15:12 of 3rd period - Shot Blocked by Justin Braun.
15:14 of 3rd period - Shot by Carl Soderberg.
15:14 of 3rd period - Shot Misses the Net.
15:22 of 3rd period - Shot by Carl Soderberg.
15:22 of 3rd period - Shot Blocked by Alexey Marchenko.
15:24 of 3rd period - Shot by Carl Soderberg.
15:24 of 3rd period - Stopped by Marc-Andre Fleury without a rebound.
15:25 of 3rd period - Artem Anisimov wins face-off versus Patrice Bergeron in Panthers zone.
15:46 of 3rd period - T.J. Brodie is hit by Andrew Ladd and loses puck.
15:55 of 3rd period - Shot by Corey Perry.
15:55 of 3rd period - Shot Misses the Net.
15:57 of 3rd period - Shot by Drew Doughty.
15:57 of 3rd period - Shot Misses the Net.
16:02 of 3rd period - Corey Perry is hit by Jacob Trouba and loses puck.
17:11 of 3rd period - Shot by Joakim Nordstrom.
17:11 of 3rd period - Shot Misses the Net.
17:13 of 3rd period - Shot by Jori Lehtera.
17:13 of 3rd period - Shot Misses the Net.
17:21 of 3rd period - Shot by Tomas Hertl.
17:21 of 3rd period - Stopped by Carey Price without a rebound.
17:22 of 3rd period - Ryan Spooner wins face-off versus Vladimir Tarasenko in Bruins zone.
17:22 of 3rd period - Ryan Spooner is hit by Vladimir Tarasenko.
17:34 of 3rd period - Shot by Ryan Spooner.
17:34 of 3rd period - Shot Hit the Post.
17:56 of 3rd period - Shot by Brandon Pirri.
17:56 of 3rd period - Stopped by Marc-Andre Fleury without a rebound.
17:57 of 3rd period - Patrice Bergeron wins face-off versus Riley Nash in Panthers zone.
18:24 of 3rd period - Shot by Patrice Bergeron.
18:24 of 3rd period - Shot Misses the Net.
18:26 of 3rd period - Shot by Patrice Bergeron.
18:26 of 3rd period - Stopped by Marc-Andre Fleury with a rebound.
19:26 of 3rd period - Shot by Melker Karlsson.
19:26 of 3rd period - Goal by Melker Karlsson - Bruins : 2 - Panthers : 1.
19:27 of 3rd period - Pavel Datsyuk wins face-off versus Andrew Ladd in neutral zone.
19:30 of 3rd period - Panthers, Marc-Andre Fleury is pulled from the net.
19:30 of 3rd period - Shot by Vladimir Tarasenko.
19:30 of 3rd period - Stopped by Carey Price without a rebound.
19:31 of 3rd period - Patrice Bergeron wins face-off versus Pavel Datsyuk in Bruins zone.
19:31 of 3rd period - Patrice Bergeron is hit by Ondrej Palat.
19:43 of 3rd period - Shot by Patrice Bergeron.
19:43 of 3rd period - Shot Misses the Net.
19:46 of 3rd period - Icing by T.J. Brodie.
19:47 of 3rd period - Marc-Andre Fleury from Panthers was sent back in the game.
19:47 of 3rd period - Patrice Bergeron wins face-off versus Vladimir Tarasenko in Panthers zone.
Goals for this period are 2 for Bruins vs 0 for Panthers.
Shots for this period are 14 for Bruins vs 9 for Panthers.